 Dungeon Crawl Stone Soup version 0.23-a0-667-gc184e93 (console) character file.

6 Duffy the Firebug (level 1, -2/13 HPs)
             Began as a Demonspawn Fire Elementalist on Jan 8, 2019.
             Slain by a leopard gecko (4 damage)
             ... on level 1 of the Dungeon.
             The game lasted 00:00:22 (243 turns).

Duffy the Firebug (Demonspawn Fire Elementalist)     Turns: 243, Time: 00:00:23

Health: -2/13      AC:  2    Str:  8    XL:     1   Next: 75%
Magic:  0/3        EV: 12    Int: 16    God:
Gold:   14         SH:  0    Dex: 13    Spells: 3/4 levels left

rFire    . . .     SeeInvis .   f - +0 whip
rCold    . . .     Gourm    .   (no shield)
rNeg     . . .     Faith    .   a - +0 robe
rPois    .         Spirit   .   (no helmet)
rElec    .         Reflect  .   (no cloak)
rCorr    +         Harm     .   (no gloves)
MR       .....                  (no boots)
Stlth    ++........             (no amulet)
HPRegen  0.04/turn              e - ring of resist corrosion
MPRegen  0.08/turn              (no ring)

@: no status effects
A: no striking features
a: no special abilities


You were on level 1 of the Dungeon.
You were not hungry.

You visited 1 branch of the dungeon, and saw 1 of its levels.

You collected 14 gold pieces.

Inventory:

Hand Weapons
 f - a +0 whip (weapon)
Armour
 a - a +0 robe (worn)
Jewellery
 e - a ring of resist corrosion (left hand)
Potions
 b - a potion of curing {unknown}
Comestibles
 c - a ration
 d - 2 chunks of flesh


   Skills:
 - Level 1.7 Dodging
 - Level 1.7 Stealth
 - Level 2.0 Spellcasting
 + Level 1.9 Conjurations
 - Level 2.6 Fire Magic


You had 3 spell levels left.
You knew the following spells:

 Your Spells              Type           Power        Failure   Level  Hunger
h - Flame Tongue          Conj/Fire      #....        9%          1    #......

Your spell library contained the following spells:

 Spells                   Type           Power        Failure   Level  Hunger
 Throw Flame              Conj/Fire      #.....       12%         2    ###....
 Conjure Flame            Conj/Fire      #.......     24%         3    ###....
 Inner Flame              Hex/Fire       #.......     34%         3    ###....
 Sticky Flame             Conj/Fire      #.......     63%         4    #####..
 Fireball                 Conj/Fire      #.........   92%         5    ######.


Dungeon Overview and Level Annotations

Branches:
Dungeon (1/15)

Altars:


Message History

You hit the leopard gecko but do no damage.
The leopard gecko bites you but does no damage.
Casting: Flame Tongue (safe; 9% risk of failure)
Confirm with . or Enter, or press ? or * to list all spells.
Aiming: Flame Tongue (safe; 9% risk of failure)
Press: ? - help, Shift-Dir - straight line, f - leopard gecko
Aim: a leopard gecko (clinging)
The flame tongue misses the leopard gecko.
The leopard gecko closely misses you.
Casting: Flame Tongue (safe; 9% risk of failure)
Confirm with . or Enter, or press ? or * to list all spells.
You don't have enough magic to cast that spell.
You closely miss the leopard gecko. The leopard gecko bites you.
The leopard gecko barely misses you.
You barely miss the leopard gecko. The leopard gecko bites you.
You closely miss the leopard gecko. The leopard gecko bites you.
You barely miss the leopard gecko. The leopard gecko closely misses you.
The leopard gecko barely misses you.
You closely miss the leopard gecko. The leopard gecko bites you.
You die...

########..# #........##
#........# #........#
#........# #....%...#
#######........#
#.l..##........#
####..@...........# ####
##.................###...
.........##..............
...>............##.......
.........##.###..........
.......).#..# ########...
........%..# ###### #...
..........## #....# ####
.........$####....#


You could see a leopard gecko.

Vanquished Creatures
  A giant cockroach (D:1)
  A goblin (D:1)
  A hobgoblin (D:1)
  A ball python (D:1)
  2 rats (D:1)
6 creatures vanquished.

Notes
Turn   | Place    | Note
-------+----------+-------------------------------------------
     0 | D:1      | Duffy the Demonspawn Fire Elementalist began the quest for
                  | the Orb.
     0 | D:1      | Reached XP level 1. HP: 13/13 MP: 3/3
   243 | D:1      | Slain by a leopard gecko

Vault maps used:
D:1:      kennysheep_arrival_seaside

Action                   || total
-------------------------++-------
Melee: Whip              ||     8
 Cast: Flame Tongue      ||    13
Armor: Robe              ||     4
Dodge: Dodged            ||    11

Table legend:
 A = Non-vault XP
 B = Vault XP
 C = Vault XP percentage of total XP
 D = Non-vault monster count
 E = Vault monster count
 F = Vault count percentage of total count
                 A         B        C        D         E       F
            +---------+---------+-------+---------+---------+-------
      Total |       9 |       0 |   0.0 |       6 |       0 |   0.0
            +---------+---------+-------+---------+---------+-------
        D:1 |       9 |       0 |   0.0 |       6 |       0 |   0.0
            +---------+---------+-------+---------+---------+-------
